 Dungeon Crawl Stone Soup version 0.30-a0-49-g1cef19eb02 (webtiles) character file.

Game seed: 15369187897706830015

77 IdlyInterested the Vexing (level 4, -2/33 HPs)
             Began as a Demonspawn Wanderer on Sept 2, 2022.
             Killed by nerve-wracking pain
             ... invoked by Jessica
              (3 damage)
             ... on level 3 of the Dungeon.
             The game lasted 00:07:37 (2644 turns).

IdlyInterested the Vexing (Demonspawn Wanderer)     Turns: 2644, Time: 00:07:37

Health: -2/33      AC:  6    Str:  9    XL:     4   Next: 13%
Magic:  7/7        EV:  9    Int: 17    God:
Gold:   108        SH:  8    Dex: 14    Spells: 6/7 levels left

rFire   . . .      SeeInvis .    a - +0 short sword (protect)
rCold   . . .      Faith    .    b - +0 buckler
rNeg    . . .      Spirit   .    c - +0 ring mail
rPois   .          Reflect  .    (no helmet)
rElec   .          Harm     .    (no cloak)
rCorr   .          Rampage  .    l - +0 pair of gloves
Will    .....                    (no boots)
Stlth   +.........               (no amulet)
HPRegen 0.11/turn                (no ring)
MPRegen 0.10/turn                (no ring)

@: slowed, invisible, very slow
A: hooves 1, large bone plates 1
a: no special abilities


You were on level 3 of the Dungeon.
You visited 1 branch of the dungeon, and saw 3 of its levels.

You collected 108 gold pieces.

Inventory:

Hand Weapons
 a - a +0 short sword of protection (weapon)
Missiles
 j - 8 poisoned darts
Armour
 b - a +0 buckler (worn)
 c - a +0 ring mail (worn)
 d - a +0 robe
 i - a +0 leather armour
 l - a +0 pair of gloves (worn)
Scrolls
 e - a scroll of identify
 f - 4 scrolls of vulnerability
Potions
 g - a potion of resistance
 k - a potion of attraction


   Skills:
 - Level 2.0 Fighting
 + Level 1.9 Short Blades
 + Level 1.6 Dodging
 - Level 1.7 Shields
 - Level 2.0 Spellcasting
 + Level 3.0 Hexes
 - Level 2.0 Evocations


You had 6 spell levels left.
You knew the following spells:

 Your Spells              Type           Power      Damage    Failure   Level
a - Slow                  Hex            44%        N/A       22%         1

Your spell library contained the following spells:

 Spells                   Type           Power      Damage    Failure   Level
 Magic Dart               Conj           4%         1d3       58%         1
 Call Imp                 Summ           1%         N/A       73%         2
 Mephitic Cloud           Conj/Pois/Air  1%         N/A       91%         3
 Cause Fear               Hex            5%         N/A       91%         4
 Leda's Liquefaction      Hex/Erth       3%         N/A       98%         4


Dungeon Overview and Level Annotations

Branches:
Dungeon (3/15)

Altars:

Annotations:
D:3 Jessica


Innate Abilities, Weirdness & Mutations

You have large cloven feet.
You are partially covered in large bone plates. (SH +4)


Message History

The orc is severely wounded.
You block the orc's attack.
You closely miss the orc. Your kick misses the orc.
The orc is severely wounded.
The orc hits you with a +0 dagger.
You catch the helpless orc completely off-guard!
You hit the orc but do no damage. You kick the orc, but do no damage.
The orc is severely wounded.
Jessica points at you and mumbles some strange words.
The orc writhes in agony.
The orc hits you but does no damage. The orc hits you with a +0 dagger.
You catch the helpless orc completely off-guard!
You hit the orc.
You kill the orc!
Jessica casts a spell at you. Pain shoots through your body!
Jessica points at you and mumbles some strange words.
Pain shoots through your body!
* * * LOW HITPOINT WARNING * * *
Things that are here:
a +0 dagger; a +0 scale mail You hit Jessica.
You kick Jessica, but do no damage.
Jessica is heavily wounded.
Jessica gestures at you while chanting.
You feel yourself slow down. The orc misses you.
You feel better. You block Jessica's attack. Jessica barely misses you. x2
You closely miss Jessica.
Jessica is moderately wounded.
Jessica hits you but does no damage.
Jessica points at you and mumbles some strange words.
Pain shoots through your body!
* * * LOW HITPOINT WARNING * * *
You barely miss Jessica.
Jessica is moderately wounded.
You block Jessica's attack. Jessica closely misses you.
The orc hits you from afar with a +0 trident.
* * * LOW HITPOINT WARNING * * *
Jessica gestures at something while chanting.
Pain shoots through your body!
You die...

**,** *,,,,,,**...... *,*
*,*,**,**...... *,*
*,*,**,**...... ##+#*
*>,,**,**...... ***** ##...#*
*,*##*,**...... ,,,,**#.....#*
*,..,,,**...... ,,,,**.......##
**.##*****###...
,*,,*,.......o####...###*****#.##
,,,,+,.......@))@.......,,,,..,*
,*,,*,........####...###***#**,*
**,,**.......## **.## *,*
,,,,**#.....#* *,#** *,* ,,,,*
##...#* *,,,* *,* ***** ##+#*
***,* *,** * **,***### *,* *,,,
***** *,,,,,..# *,* **,* ,,,,*
*,,***#.# *,* *,*


You could see Jessica (fast, unable to see you) and an orc (unable to see you).

Vanquished Creatures
  An adder (D:3)
  A worm (D:2)
  2 orcs (D:3)
  5 endoplasms
  7 giant cockroaches
  8 goblins
  8 hobgoblins
  2 jackals (D:1)
  4 quokkas
  2 ball pythons
  4 bats
  3 frilled lizards
  3 kobolds
  3 rats
53 creatures vanquished.

Vanquished Creatures (others)
  An orc (D:3)
  A fungus (D:2)
  7 plants (D:2)
9 creatures vanquished.

Grand Total: 62 creatures vanquished

Notes
Turn   | Place    | Note
-------+----------+-------------------------------------------
     0 | D:1      | IdlyInterested the Demonspawn Wanderer began the quest for
                  | the Orb.
     0 | D:1      | IdlyInterested set off with the following items: a +0 short
                  | sword, a +0 buckler, a potion of curing, a +0 robe; and the
                  | following spell memorised: Slow; and the following spells
                  | available to memorise: Cause Fear, Leda's Liquefaction.
     0 | D:1      | Reached XP level 1. HP: 15/15 MP: 2/2
   421 | D:1      | Gained mutation: You have large cloven feet. [demonic
                  | ancestry]
   421 | D:1      | Reached XP level 2. HP: 12/21 MP: 1/3
   976 | D:1      | Reached skill level 1 in Dodging
  1059 | D:1      | Reached XP level 3. HP: 26/27 MP: 4/4
  1975 | D:2      | Found a faded altar of an unknown god.
  2616 | D:3      | Gained mutation: You are partially covered in large bone
                  | plates. (SH +4) [demonic ancestry]
  2616 | D:3      | Reached XP level 4. HP: 29/33 MP: 4/7
  2621 | D:3      | Noticed Jessica
  2643 | D:3      | HP: 1/33 [orc/+0 trident (3)]
  2644 | D:3      | Killed from afar by Jessica

Illustrated notes

Levels and vault maps discovered:
D:1:      psy_arrival_radial01, layout_basic, minmay_heptomino_w4
D:2:      layout_basic, shapermc_ecumenical_altar_mp_urbaneastern,
          minmay_misc_feat_five
D:3:      layout_loops_corners, uniq_jessica

Skill      XL: |  1  2  3 |
---------------+----------+-----
Fighting       | 2 |  2.0
Dodging        | 1 |  1.6
Spellcasting   | 2 |  2.0
Short Blades   | |  1.9
Shields        | |  1.7
Hexes          | |  3.0
Evocations     | |  2.0

Action                   |  1- 3 |  4- 6 || total
-------------------------+-------+-------++-------
Melee: Short sword       |   204 |    16 ||   220
       Kick              |    45 |     5 ||    50
 Cast: Slow              |    15 |       ||    15
  Use: Potion            |     1 |     2 ||     3
       Scroll            |     5 |     2 ||     7
 Stab: Invisible         |       |     3 ||     3
Armor: Robe              |    25 |       ||    25
       Ring mail         |    71 |     5 ||    76
Dodge: Dodged            |    89 |     5 ||    94
Block: Buckler           |    32 |     6 ||    38

Table legend: (Time is in decaauts)
 A = Elapsed time spent in this place.
 B = Non-inter-level travel time spent in this place.
 C = Inter-level travel time spent in this place.
 D = Time resting spent in this place.
 E = Time spent auto-exploring this place.
 F = Levels seen in this place.
 G = Mean time per level.
                   A        B        C        D        E       F      G
               +--------+--------+--------+--------+--------+-----+--------+
         Total |   2661 |   2362 |    299 |    621 |   1083 |   3 |  887.0 |
       Dungeon |   2661 |   2362 |    299 |    621 |   1083 |   3 |  887.0 |
               +--------+--------+--------+--------+--------+-----+--------+

Top non-repeatable levels by time:
     D:1: 1467 daAuts
     D:2: 1124 daAuts
     D:3: 69 daAuts
